 Dungeon Crawl Stone Soup version 0.19-a0-1207-g69d5fc3 (webtiles) character file.

578 PurpleRed the Magician (level 7, -6/36 HPs)
             Began as a Deep Elf Fire Elementalist on Aug 21, 2016.
             Was an Initiate of Vehumet.
             Mangled by a wyvern (11 damage)
             ... on level 8 of the Dungeon.
             The game lasted 00:16:09 (1685 turns).

PurpleRed the Magician (Deep Elf Fire Elementalist) Turns: 1685, Time: 00:16:09

Health: -6/36      AC:  3    Str:  9    XL:     7   Next: 13%
Magic:  10/18      EV: 13    Int: 22    God:    Vehumet [......]
Gold:   151        SH:  0    Dex: 15    Spells: 4 memorised, 5 levels left

rFire  . . .     SeeInvis .     r - +2 war axe (chop)
rCold  . . .     Gourm    .     a - +0 robe
rNeg   . . .     Faith    .     (no shield)
rPois  +         Spirit   .     (no helmet)
rElec  .         Dismiss  .     (no cloak)
rCorr  .         Reflect  .     m - +0 pair of gloves
MR     .....     Harm     .     (no boots)
Stlth  ++........               (no amulet)
                                w - +4 ring of strength
                                d - ring of poison resistance

@: no status effects
A: no striking features
a: Renounce Religion


You were on level 8 of the Dungeon.
You worshipped Vehumet.
Vehumet was noncommittal.
You were hungry.

You visited 1 branch of the dungeon, and saw 8 of its levels.

You collected 151 gold pieces.

Inventory:

Hand Weapons
 f - a +0 club
 g - a +0 dagger
 h - a +0 long sword
 r - a +2 war axe of chopping (weapon)
 v - a cursed +0 long sword
 x - a +0 hand crossbow
Missiles
 k - 5 poisoned needles
 p - 6 poisoned tomahawks (quivered)
 y - 28 bolts
Armour
 a - a +0 robe (worn)
 j - a +0 buckler
 m - a +0 pair of gloves (worn)
Jewellery
 d - a ring of poison resistance (left hand)
 s - an uncursed ring of positive energy
 w - a +4 ring of strength (right hand)
Scrolls
 t - a scroll of teleportation {unknown}
Potions
 e - a potion of cancellation
 i - 3 potions of agility
 l - a potion of flight {unknown}
 n - a potion of haste {unknown}
 o - 2 potions of resistance {unknown}
Books
 b - a book of Flames

   Spells                             Type                      Level
   a - Flame Tongue                   Conjuration/Fire             1
   b - Throw Flame                    Conjuration/Fire             2
   c - Conjure Flame                  Conjuration/Fire             3
   d - Inner Flame                    Hexes/Fire                   3
   e - Sticky Flame                   Conjuration/Fire             4
   f - Fireball                       Conjuration/Fire             5
Comestibles
 c - 4 bread rations
 q - a slice of pizza
 u - 2 meat rations


   Skills:
 - Level 2.4 Dodging
 - Level 2.4 Stealth
 + Level 6.4 Spellcasting
 + Level 5.4 Conjurations
 + Level 5.2 Fire Magic


You had 5 spell levels left.
You knew the following spells:

 Your Spells              Type           Power        Failure   Level  Hunger
a - Flame Tongue          Conj/Fire      ####.        1%          1    None
b - Conjure Flame         Conj/Fire      ####....     3%          3    #......
c - Sticky Flame          Conj/Fire      ####....     12%         4    ###....
d - Fireball              Conj/Fire      ####......   34%         5    #####..


Dungeon Overview and Level Annotations

Branches:
Dungeon (8/15)
 Temple: D:4-7         Lair: D:8-11

Altars:
Dithmenos
Vehumet

Shops:
D:5 (

Annotations:
D:2 Robin
D:3 moogleknight's ghost, amateur DsWn


Message History

The flame tongue hits the wyvern.
The wyvern is lightly wounded.
Casting: Flame Tongue
Confirm with . or Enter, or press ? or * to list all spells.
Aiming: Flame Tongue
Press: ? - help, Shift-Dir - straight line, f/p - wyvern
Aim: a wyvern (lightly wounded)
The flame tongue hits the wyvern.
The wyvern appears unharmed.
The wyvern is lightly wounded.
The wyvern bites you!!
Ouch! That really hurt!
* * * LOW HITPOINT WARNING * * *
Casting: Flame Tongue
Confirm with . or Enter, or press ? or * to list all spells.
Aiming: Sticky Flame
Press: ? - help, Shift-Dir - straight line, f/p - wyvern
Aim: a wyvern The sticky flame hits the wyvern.
The wyvern appears unharmed.
The wyvern is covered in liquid flames!
The wyvern burns!
The wyvern bites you!
You die...

#
.#########.#
.......<...#
.######@####
#l# #.#
......'.#
.l....'.#
....l.###
..(...
#..... ##...


You could see a wyvern (burning).

Vanquished Creatures
  An ogre (D:4)
  A big kobold (D:7)
  2 giant frogs
  A crimson imp (D:6)
  A hound (D:4)
  2 jellies
  An iguana (D:5)
  Terence (D:3)
  A worker ant (D:6)
  An orc wizard (D:5)
  2 adders
  An ooze (D:2)
  An adder zombie (D:4)
  An adder skeleton (D:4)
  A worm (D:4)
  2 giant geckos
  7 orcs
  A bat (D:2)
  2 giant cockroaches (D:5)
  9 goblins (D:2)
  2 hobgoblins
  2 jackals (D:6)
  A quokka (D:3)
  2 giant newts
  8 kobolds
  A rat (D:3)
55 creatures vanquished.

Notes
Turn   | Place    | Note
-------+----------+-------------------------------------------
     0 | D:1      | PurpleRed the Deep Elf Fire Elementalist began the quest for the Orb.
     0 | D:1      | Reached XP level 1. HP: 10/10 MP: 6/6
    34 | D:2      | Noticed Robin
   133 | D:2      | Reached XP level 2. HP: 13/15 MP: 1/8
   294 | D:3      | Reached XP level 3. HP: 6/19 MP: 3/10
   298 | D:3      | Noticed moogleknight's ghost (amateur DsWn)
   387 | D:3      | Learned a level 3 spell: Conjure Flame
   419 | D:3      | Noticed Terence
   547 | D:3      | Killed Terence
   547 | D:3      | Reached skill level 4 in Spellcasting
   547 | D:3      | Reached XP level 4. HP: 6/24 MP: 3/12
   606 | D:5      | Entered Level 5 of the Dungeon
   638 | D:4      | Noticed an ogre
   671 | D:4      | Learned a level 4 spell: Sticky Flame
   714 | D:4      | HP: 1/24 [ogre/giant club (19)]
   717 | D:4      | Killed an ogre
   717 | D:4      | Reached XP level 5. HP: 1/28 MP: 3/14
   765 | D:4      | Learned a level 5 spell: Fireball
   977 | D:4      | Found a shadowy altar of Dithmenos.
  1109 | D:4      | Reached skill level 5 in Spellcasting
  1113 | D:5      | Found Urghotiv's Antique Weapon Shop.
  1217 | D:5      | Found a radiant altar of Vehumet.
  1221 | D:5      | Became a worshipper of Vehumet
  1239 | D:5      | Reached XP level 6. HP: 12/32 MP: 6/16
  1411 | D:6      | Reached skill level 5 in Conjurations
  1571 | D:7      | Reached skill level 6 in Spellcasting
  1571 | D:7      | Reached skill level 5 in Fire Magic
  1585 | D:7      | Reached XP level 7. HP: 11/36 MP: 11/18
  1656 | D:8      | Noticed a wyvern
  1685 | D:8      | Mangled by a wyvern

Vault maps used:
D:1:      minmay_arrival_floating_metal, minmay_lizard_king
D:2:      serial_bayou_lake_a, uniq_robin
D:3:      uniq_terence
D:4:      first_bread, nicolae_dithmenos_through_a_glass_darkly
D:5:      kennysheep_mini_moat, xom_butterflies, serial_shops, shop,
          cheibriados_altar_1
D:6:      amethyst_overflow_temple_binary, dk_xom_monty_hall
D:8:      kiku_gazebo_pond_becter, lemuel_blue_sif_altar, david_nohive_1,
          kennysheep_opposing_triangles

Skill      XL: |  1  2  3  4  5  6 |
---------------+-------------------+-----
Conjurations   | 2 3 4 5 |  5.4
Spellcasting   | 4 5 6 |  6.4
Fire Magic     | 4 5 |  5.2
Dodging        | |  2.4
Stealth        | |  2.4

Action                   |  1- 3 |  4- 6 |  7- 9 || total
-------------------------+-------+-------+-------++-------
Melee: Unarmed           |     1 |       |       ||     1
       Dagger            |     4 |       |       ||     4
       Long sword        |     1 |     9 |       ||    10
       War axe           |       |    24 |       ||    24
 Cast: Flame Tongue      |    48 |    18 |     4 ||    70
       Conjure Flame     |     2 |     1 |       ||     3
       Sticky Flame      |       |    10 |     2 ||    12
  Use: Scroll            |       |     6 |     1 ||     7
       Potion            |       |     1 |       ||     1
  Eat: Chunk             |       |     4 |       ||     4
Armor: Robe              |     6 |    10 |       ||    16
Dodge: Dodged            |    15 |    34 |     1 ||    50
